 Dungeon Crawl Stone Soup version 0.29-a0-1016-g236c7fd91e (webtiles) character file.

Game seed: 10770459119283814098

65 siradein the Trooper (level 4, -3/40 HPs)
             Began as a Ghoul Fighter on Aug 9, 2022.
             Slain by a sky beast (6 damage)
             ... on level 4 of the Dungeon.
             The game lasted 00:02:45 (1235 turns).

siradein the Trooper (Ghoul Fighter)                Turns: 1235, Time: 00:02:46

Health: -3/40      AC:  8    Str: 21    XL:     4   Next: 13%
Magic:  3/3        EV:  9    Int:  3    God:
Gold:   50         SH:  4    Dex:  8    Spells: 3/3 levels left

rFire   + . .      SeeInvis .   a - +0 war axe
rCold   + . .      Faith    .   c - +0 buckler
rNeg    + + +      Spirit   .   b - +0 scale mail
rPois   ∞          Reflect  .   h - +0 helmet
rElec   .          Harm     .   (no cloak)
rCorr   .          Rampage  .   (no gloves)
Will    .....                   (no boots)
Stlth   ..........              (no amulet)
HPRegen 0.00/turn               m - ring of protection from fire
MPRegen 0.08/turn               (no ring)

@: inhibited regen
A: claws 1, cold resistance 1, negative energy resistance 3, inhibited
regeneration, torment resistance 2, devour on kill
a: no special abilities


You were on level 4 of the Dungeon.
You visited 1 branch of the dungeon, and saw 3 of its levels.

You collected 50 gold pieces.

Inventory:

Hand Weapons
 a - a +0 war axe (weapon)
Missiles
 i - 23 stones (quivered)
Armour
 b - a +0 scale mail (worn)
 c - a +0 buckler (worn)
 h - a +0 helmet (worn)
Jewellery
 m - a ring of protection from fire (left claw)
Scrolls
 e - a scroll of enchant armour {unknown}
 f - a scroll of silence {unknown}
 j - 2 scrolls of identify {unknown}
 k - a scroll of vulnerability {unknown}
 o - 2 scrolls of amnesia {unknown}
 p - a scroll of teleportation {unknown}
Potions
 d - a potion of might
 g - a potion of haste {unknown}
 l - 3 potions of cancellation {unknown}
 n - a potion of curing {unknown}


   Skills:
 + Level 3.9 Fighting
 + Level 2.4 Axes
 + Level 3.2 Armour
 + Level 3.2 Shields


You had 3 spell levels left.
You didn't know any spells.
Your spell library was empty.

Dungeon Overview and Level Annotations

Branches:
Dungeon (2/15)

Altars:


Innate Abilities, Weirdness & Mutations

You are immune to poison.
You have sharp fingernails.
Your flesh is cold resistant. (rC+)
You are immune to negative energy. (rN+++)
You do not regenerate when monsters are visible.
You are immune to unholy pain and torment.
You thrive by killing the living.


Message History

Deactivating autopickup; reactivate with Ctrl-A.
There is a strange disturbance nearby!
A sky beast appears from thin air!
Reactivating autopickup.
You throw a stone. The stone barely misses the sky beast.
You throw a stone. The stone misses the sky beast.
You throw a stone.
The stone hits the sky beast but does no damage.
You barely miss the sky beast. You block the sky beast's attack.
The sky beast flickers out of sight!
Deactivating autopickup; reactivate with Ctrl-A.
Something hits you. Something shocks you.
No target in view!
No target in view!
No target in view!
No target in view!
You miss something. Something hits you. Something shocks you.
You barely miss something. Something hits you but does no damage.
You slash something! Something hits you but does no damage. Something hits you.
Something shocks you.
You miss something.
A sky beast appears from thin air!
Reactivating autopickup.
The sky beast hits you but does no damage.
You closely miss the sky beast.
The sky beast is moderately wounded.
The sky beast barely misses you.
The sky beast flickers out of sight!
Deactivating autopickup; reactivate with Ctrl-A.
Something hits you but does no damage.
You barely miss something. Something hits you but does no damage.
You miss something. Something hits you but does no damage.
You closely miss something. Something hits you but does no damage.
Something hits you.
* * * LOW HITPOINT WARNING * * *
Something shocks you.
* * * LOW HITPOINT WARNING * * *
You miss something. Something hits you but does no damage.
You closely miss something. Something hits you.
* * * LOW HITPOINT WARNING * * *
Something shocks you.
You die...

###
#.###############
#...............#
#.#############.#
#.#......{@...#.#
#.#.#########...#
#.#.#############
#...........
###.######## #.#
#.# #.#
#.#######.#


There were no monsters in sight!

Vanquished Creatures
  An orc wizard (D:2)
  3 orcs (D:2)
  5 ball pythons
  4 bats
  5 endoplasms
  2 goblins (D:2)
  A hobgoblin (D:2)
  3 jackals (D:1)
  3 kobolds
  2 quokkas (D:2)
  4 rats
33 creatures vanquished.

Notes
Turn   | Place    | Note
-------+----------+-------------------------------------------
     0 | D:1      | siradein the Ghoul Fighter began the quest for the Orb.
     0 | D:1      | Reached XP level 1. HP: 19/19 MP: 0/0
   167 | D:1      | Reached XP level 2. HP: 26/26 MP: 1/1
   681 | D:2      | Reached XP level 3. HP: 29/33 MP: 2/2
   978 | D:2      | Reached XP level 4. HP: 40/40 MP: 3/3
  1146 | D:2      | You fall into a shaft and drop 2 floors!
  1202 | D:4      | Noticed a sky beast
  1235 | D:4      | Slain by a sky beast

Illustrated notes

Levels and vault maps discovered:
D:1:      dpeg_arrival_shelter, layout_basic, minmay_tetromino_o2
D:2:      cheibrodos_pilgrimage, layout_loops_corners, serial_shops,
          nicolae_shop_behind_doors, uniq_natasha
D:4:      layout_basic, good_gods_temple_1, mainiacjoe_overflow_cross_hatched,
          nicolae_yredelemnul_ghost_church, serial_shops, shop,
          uniq_crazy_yiuf_cottage

Skill      XL: |  1  2 |
---------------+-------+-----
Axes           | 2 |  2.4
Armour         | 3 |  3.2
Shields        | 3 |  3.2
Fighting       | |  3.9

Action                   |  1- 3 |  4- 6 || total
-------------------------+-------+-------++-------
Melee: War axe           |    59 |    31 ||    90
Throw: Stone             |       |     3 ||     3
Armor: Scale mail        |    29 |    18 ||    47
Dodge: Dodged            |    41 |    10 ||    51
Block: Buckler           |     8 |     4 ||    12

Table legend: (Time is in decaauts)
 A = Elapsed time spent in this place.
 B = Non-inter-level travel time spent in this place.
 C = Inter-level travel time spent in this place.
 D = Time resting spent in this place.
 E = Time spent auto-exploring this place.
 F = Levels seen in this place.
 G = Mean time per level.
                   A        B        C        D        E       F      G
               +--------+--------+--------+--------+--------+-----+--------+
         Total |   1272 |   1227 |     45 |      0 |    968 |   3 |  424.0 |
       Dungeon |   1272 |   1227 |     45 |      0 |    968 |   3 |  424.0 |
               +--------+--------+--------+--------+--------+-----+--------+

Top non-repeatable levels by time:
     D:1: 652 daAuts
     D:2: 526 daAuts
     D:4: 93 daAuts
